 Dungeon Crawl Stone Soup version 0.17-a0-1164-g0ba867e (webtiles) character file.

332 Jakers the Chucker (level 6, -7/50 HPs)
             Began as a Centaur Hunter on May 28, 2015.
             Killed from afar by Pikel (16 damage)
             ... with a wand of draining
             ... on level 4 of the Dungeon.
             The game lasted 00:12:21 (2966 turns).

Jakers the Chucker (Centaur Hunter)                 Turns: 2966, Time: 00:12:22

Health: -7/50      AC:  9    Str: 15    XL:     6   Next: 26%
Magic:  6/6        EV:  4    Int: 10    God:
Gold:   82         SH:  0    Dex: 11    Spells: 0 memorised, 5 levels left

rFire  . . .     SeeInvis .     n - +0 scythe
rCold  . . .     Clarity  .     w - +0 chain mail
rNeg   . . .     SustAt   .     (no shield)
rPois  .         Gourm    .     j - +1 helmet
rElec  .         Spirit   .     (no cloak)
rCorr  .         Warding  .     (no gloves)
rMut   .         Stasis   .     (no barding)
MR     .....                    (no amulet)
Stlth  ..........               (no ring)
                                q - ring of flight

@: very heavily drained, very quick, not resistant to hostile enchantments,
extremely unstealthy
A: hooves 3, deformed body, speed 2, tough skin 3
a: Evoke Flight


You were on level 4 of the Dungeon.
You were not hungry.

You visited 1 branch of the dungeon, and saw 4 of its levels.

You collected 82 gold pieces.

Inventory:

Hand weapons
 a - a +0 short sword
 n - a +0 scythe (weapon)
Missiles
 b - 3 javelins
 c - a throwing net (quivered)
 l - 115 stones
Armour
 j - a +1 helmet (worn)
 w - a +0 chain mail (worn)
Jewellery
 q - a ring of flight (left hand)
Scrolls
 f - 3 scrolls of remove curse
 g - a scroll of magic mapping
 i - 2 scrolls of amnesia
Potions
 m - a potion of cancellation {unknown}
 s - a potion of curing {unknown}
 t - a potion of resistance {unknown}
Comestibles
 e - 2 bread rations
 k - 2 slices of pizza
 r - a beef jerky


   Skills:
 + Level 2.6(0.0) Fighting
 - Level 0.6(0.0) Short Blades
 * Level 1.3(0.0) Polearms
 + Level 7.6(4.3) Throwing
 + Level 1.3(0.0) Armour
 + Level 2.3(0.0) Dodging
 + Level 1.4(0.0) Stealth


You had 5 spell levels left.
You didn't know any spells.

Dungeon Overview and Level Annotations

Branches:
Dungeon (4/15)
 Temple: D:4-7

Altars:
Dithmenos
Gozag

Annotations:
D:4 Pikel


Innate Abilities, Weirdness & Mutations

You have hooves in place of feet.
Armour fits poorly on your strangely shaped body.
You cover ground very quickly.
You have extremely tough skin (AC +3).


Message History

You finish eating.
That royal jelly was delicious!
You see here a +0 leather armour.
There is a stone staircase leading down here.
You climb downwards.
Level annotation: Pikel
There is a stone staircase leading up here.
The slave hits you but does no damage.
You closely miss the slave. The slave hits you but does no damage.
You completely miss Pikel. Your kick misses Pikel.
Pikel zaps a wand.
The bolt of negative energy hits you!
You feel drained.
Pikel zaps a wand.
The bolt of negative energy hits you!
You feel drained.
* * * LOW HITPOINT WARNING * * *
You closely miss Pikel. You kick Pikel.
Pikel is lightly wounded.
Pikel hits you with a whip of flaming.
* * * LOW HITPOINT WARNING * * *
Pikel burns you.
* * * LOW HITPOINT WARNING * * *
Pikel zaps a wand.
The bolt of negative energy hits you!
You feel drained.
You die... ####### #[....# #.###@# #..<#K# ###########p# #..pphpK..ph#

#.#.#########
#..#
#h.p.K...
##.#.p...
h......


You could see Pikel, 2 slaves and a hound.

Vanquished Creatures
  Sigmund (D:2)
  An orc wizard (D:3)
  Jessica (D:3)
  Terence (D:2)
  2 gnolls
  2 adders
  An ooze (D:2)
  3 worms (D:2)
  2 giant geckos (D:1)
  3 orcs (D:3)
  3 giant cockroaches
  4 hobgoblins
  5 kobolds
  8 bats
  7 goblins
  A quokka (D:2)
  5 rats
50 creatures vanquished.

Notes
Turn   | Place    | Note
--------------------------------------------------------------
     0 | D:1      | Jakers the Centaur Hunter began the quest for the Orb.
     0 | D:1      | Reached XP level 1. HP: 17/17 MP: 1/1
   109 | D:1      | Reached XP level 2. HP: 9/24 MP: 2/2
   418 | D:1      | Reached skill level 6 in Throwing
   638 | D:1      | Reached XP level 3. HP: 29/29 MP: 3/3
  1019 | D:2      | Found an opulent altar of Gozag.
  1027 | D:2      | Noticed Terence
  1033 | D:2      | Killed Terence
  1237 | D:2      | Noticed Sigmund
  1242 | D:2      | Killed Sigmund
  1242 | D:2      | Reached skill level 7 in Throwing
  1242 | D:2      | Reached skill level 1 in Armour
  1242 | D:2      | Reached skill level 1 in Stealth
  1242 | D:2      | Reached XP level 4. HP: 35/37 MP: 4/4
  1242 | D:2      | Reached XP level 5. HP: 39/42 MP: 5/5
  2017 | D:3      | Noticed Jessica
  2023 | D:3      | Killed Jessica
  2023 | D:3      | Reached XP level 6. HP: 48/50 MP: 6/6
  2068 | D:3      | Reached skill level 1 in Polearms
  2431 | D:3      | Found a shadowy altar of Dithmenos.
  2628 | D:4      | Noticed Pikel
  2966 | D:4      | Killed from afar by Pikel

Vault maps used:
D:1:      minmay_arrival_solitary_statue
D:2:      nicolae_gozag_seed_capital, uniq_terence, uniq_sigmund
D:3:      kennysheep_six_static_rooms, grunt_dithmenos_smoke_and_mirrors,
          uniq_jessica
D:4:      first_bread, uniq_eustachio, uniq_pikel

Action                   |  1- 3 |  4- 6 || total
-------------------------+-------+-------++-------
Melee: Short sword       |    60 |       ||    60
       Scythe            |       |    89 ||    89
Throw: Javelin           |    41 |     1 ||    42
       Throwing net      |     2 |     1 ||     3
       Stone             |       |    37 ||    37
  Use: Scroll            |       |     8 ||     8
 Stab: Held in net/web   |     1 |     1 ||     2
  Eat: Bread ration      |       |     1 ||     1
       Chunk             |       |     1 ||     1
       Royal jelly       |       |     1 ||     1
